 Dungeon Crawl Stone Soup version 0.31.0-11-ge490571c62 (webtiles) character file.

Game seed: 9982034799150220052

126 Ashen the Sneak (level 5, -3/37 HPs)
             Began as a Gnoll Enchanter on Feb 3, 2024.
             Slain by Pargi (4 damage)
             ... in a sewer.
             The game lasted 00:06:22 (2164 turns).

Ashen the Sneak (Gnoll Enchanter)                   Turns: 2164, Time: 00:06:23

Health: -3/37      AC:  2    Str:  7    XL:     5   Next: 9%
Magic:  1/12       EV: 14    Int: 15    God:
Gold:   70         SH:  0    Dex: 14    Spells: 3/14 levels left

rFire   . . .        a - +1 dagger
rCold   . . .        (no shield)
rNeg    . . .        b - +0 robe
rPois   .            (no helmet)
rElec   .            (no cloak)
rCorr   .            (no gloves)
SInv    .            (no boots)
Will    .....        q - amulet of faith
Stlth   +++          (no ring)
HPRegen 0.26/turn    (no ring)
MPRegen 0.13/turn

%: faith
@: confusing by touch
A: fangs 1, strong nose, distributed training
a: no special abilities


You were in a sewer.
You visited 1 branch of the dungeon, and saw 3 of its levels.
You also visited: Sewer.

You collected 70 gold pieces.

Inventory:

Hand Weapons
 a - a +1 dagger (weapon)
 m - a +2 dagger of draining
Armour
 b - a +0 robe (worn)
Jewellery
 j - an amulet of the acrobat
 q - an amulet of faith (around neck)
 s - an amulet of regeneration
Wands
 p - a wand of roots (3)
Scrolls
 f - a scroll of torment {unknown}
 g - a scroll of teleportation {unknown}
 i - a scroll of enchant armour {unknown}
 k - 2 scrolls of brand weapon {unknown}
 n - 4 scrolls of identify {unknown}
 o - a scroll of noise {unknown}
Potions
 c - 2 potions of invisibility
 d - a potion of curing
 e - a potion of degeneration {unknown}
 h - a potion of cancellation {unknown}
 l - a potion of attraction {unknown}
 r - a potion of berserk rage {unknown}


   Skills:
 + Level 1.4 Fighting
 + Level 2.9 Short Blades
 + Level 1.4 Long Blades
 + Level 1.4 Axes
 + Level 1.4 Maces & Flails
 + Level 1.4 Polearms
 + Level 1.4 Staves
 + Level 1.4 Ranged Weapons
 + Level 1.4 Throwing
 + Level 1.4 Armour
 + Level 4.7 Dodging
 + Level 6.1 Stealth
 + Level 1.4 Shields
 + Level 1.4 Unarmed Combat
 + Level 5.2 Spellcasting
 + Level 1.1 Conjurations
 + Level 5.5 Hexes
 + Level 1.1 Summonings
 + Level 1.1 Necromancy
 + Level 1.1 Translocations
 + Level 1.1 Fire Magic
 + Level 1.1 Ice Magic
 + Level 1.1 Air Magic
 + Level 1.1 Earth Magic
 + Level 1.1 Alchemy
 + Level 1.6 Invocations
 + Level 1.4 Evocations
 + Level 1.3 Shapeshifting


You had 3 spell levels left.
You knew the following spells:

 Your Spells              Type           Power      Damage    Failure   Level
a - Ensorcelled Hibernat  Hex/Ice        26%        N/A       6%          2
b - Confusing Touch       Hex            20%        N/A       4%          3
c - Tukima's Dance        Hex            20%        N/A       4%          3
d - Dazzling Flash        Conj/Hex       26%        N/A       12%         3

Your spell library contained the following spells:

 Spells                   Type           Power      Damage    Failure   Level
 Sting                    Conj/Alch      28%        1d4       10%         1
 Summon Ice Beast         Ice/Summ       7%         N/A       30%         3
 Yara's Violent Unravell  Hex/Alch       6%         3d5       75%         5
 Summon Forest            Summ/Tloc      3%         N/A       95%         5
 Eringya's Noxious Bog    Alch           3%         4d6       100%        6
 Spellforged Servitor     Conj/Summ      3%         N/A       100%        7
 Summon Hydra             Summ           3%         N/A       100%        7


Dungeon Overview and Level Annotations

Branches:
Dungeon (3/15)              Sewer (1/1)

Altars:

Annotations:
Sewer Pargi


Innate Abilities, Weirdness & Mutations

You have very sharp teeth.
Your uncanny sense of smell can sniff out nearby items.
Your experience applies equally to all skills.


Message History

Aim: Pargi (chance to affect: 55%) Pargi resists with significant effort.
Pargi closely misses you. Pargi barely misses you. Pargi claws you.
Casting: Ensorcelled Hibernation (safe; 6% risk of failure)
Confirm with . or Enter, or press ? or * to list all spells.
Aiming: Ensorcelled Hibernation (safe; 6% risk of failure)
Press: ? - help, Shift-Dir - straight line, f/p - Pargi
Aim: Pargi (chance to affect: 55%) Pargi looks drowsy...
The helpless Pargi fails to defend himself.
You impale Pargi!!
Pargi is almost dead.
Pargi closely misses you. Pargi claws you but does no damage. Pargi claws you.
Casting: Ensorcelled Hibernation (safe; 6% risk of failure)
Confirm with . or Enter, or press ? or * to list all spells.
Aiming: Ensorcelled Hibernation (safe; 6% risk of failure)
Press: ? - help, Shift-Dir - straight line, f - brain worm, p - Pargi
Aim: a brain worm (chance to affect: 47%)
Okay, then.
Casting: Ensorcelled Hibernation (safe; 6% risk of failure)
Confirm with . or Enter, or press ? or * to list all spells.
Your hands begin to glow red.
The brain worm stares with bemusement at its reflection in a puddle.
Pargi snarls, "Go!
Away!"
Pargi bites you.
* * * LOW HITPOINT WARNING * * *
Pargi completely misses you. Pargi claws you.
* * * LOW HITPOINT WARNING * * *
Unknown command.
You barely miss Pargi. Your punch misses Pargi.
Pargi is severely wounded.
Pargi bites you but does no damage. Pargi completely misses you.
Pargi claws you.
* * * LOW HITPOINT WARNING * * *
You closely miss Pargi.
Pargi is severely wounded.
Pargi bites you.
* * * LOW HITPOINT WARNING * * *
Pargi barely misses you. Pargi claws you.
You die...

##~.≈≈≈≈†≈≈≈≈≈≈≈≈≈≈≈≈≈≈
####.≈≈~#~≈≈≈≈≈≈≈≈≈≈≈≈≈#
#.∩∩##..~≈≈≈≈≈≈≈≈≈≈≈#
##..###..≈≈≈≈≈≈≈≈≈≈≈#
#### #...≈≈≈≈≈≈≈≈≈≈≈
#...≈≈≈≈≈≈≈≈≈≈≈
####..≈≈≈≈≈≈≈≈#
###~≈≈≈≈≈≈# ##@≈≈≈≈≈##
##T≈≈≈≈≈≈# ∆∆∆
#.w≈≈≈≈≈≈≈ ∆ ##~≈≈≈≈≈≈≈
∆ ~≈≈≈≈≈≈≈# .≈≈≈≈≈≈≈≈≈
..≈≈≈≈≈≈≈≈# #.≈≈≈≈≈≈≈≈≈#
~≈≈≈≈≈≈≈≈≈≈#


You could see Pargi and a brain worm.

Vanquished Creatures
  Ijyb (D:3)
  2 adders (D:2)
  A river rat (D:3)
  3 dart slugs (D:1)
  2 ribbon worms
  4 endoplasms
  3 giant cockroaches
  6 goblins
  7 hobgoblins
  7 kobolds
  3 quokkas
  6 ball pythons
  2 bats
  6 frilled lizards
  9 rats
62 creatures vanquished.

Notes
Turn   | Place    | Note
-------+----------+-------------------------------------------
     0 | D:1      | Ashen the Gnoll Enchanter began the quest for the Orb.
     0 | D:1      | Reached XP level 1. HP: 13/13 MP: 6/6
    68 | D:1      | Found a faded altar of an unknown god.
   152 | D:1      | Reached XP level 2. HP: 16/19 MP: 7/7
   384 | D:1      | Learned a level 2 spell: Ensorcelled Hibernation
   467 | D:1      | Reached skill level 5 in Spellcasting
   467 | D:1      | Reached XP level 3. HP: 25/25 MP: 7/9
   471 | D:1      | Learned a level 3 spell: Confusing Touch
   475 | D:1      | Learned a level 3 spell: Tukima's Dance
   479 | D:1      | Learned a level 3 spell: Dazzling Flash
   574 | D:1      | Reached skill level 6 in Stealth
   837 | D:1      | Reached skill level 1 in Invocations
  1015 | D:2      | Reached skill level 1 in Fighting
  1015 | D:2      | Reached skill level 1 in Long Blades
  1015 | D:2      | Reached skill level 1 in Axes
  1015 | D:2      | Reached skill level 1 in Maces & Flails
  1015 | D:2      | Reached skill level 1 in Polearms
  1015 | D:2      | Reached skill level 1 in Staves
  1015 | D:2      | Reached skill level 1 in Ranged Weapons
  1015 | D:2      | Reached skill level 1 in Throwing
  1015 | D:2      | Reached skill level 1 in Armour
  1015 | D:2      | Reached skill level 1 in Shields
  1015 | D:2      | Reached skill level 1 in Unarmed Combat
  1015 | D:2      | Reached skill level 1 in Evocations
  1050 | D:2      | Got the Excursus on the Escort and the Hornet
  1180 | D:2      | Reached skill level 1 in Shapeshifting
  1180 | D:2      | Reached XP level 4. HP: 9/32 MP: 11/11
  1747 | D:3      | Reached skill level 1 in Conjurations
  1747 | D:3      | Reached skill level 1 in Summonings
  1747 | D:3      | Reached skill level 1 in Necromancy
  1747 | D:3      | Reached skill level 1 in Translocations
  1747 | D:3      | Reached skill level 1 in Fire Magic
  1747 | D:3      | Reached skill level 1 in Ice Magic
  1747 | D:3      | Reached skill level 1 in Air Magic
  1747 | D:3      | Reached skill level 1 in Earth Magic
  1747 | D:3      | Reached skill level 1 in Alchemy
  1856 | D:3      | Noticed Ijyb
  1866 | D:3      | Killed Ijyb
  1946 | D:3      | Found a glowing drain.
  1965 | D:3      | Reached XP level 5. HP: 37/37 MP: 2/12
  1976 | Sewer    | Entered a sewer
  2155 | Sewer    | Noticed Pargi
  2164 | Sewer    | HP: 1/37 [Pargi (6)]
  2164 | Sewer    | Slain by Pargi

Illustrated notes

Levels and vault maps discovered:
D:1:      reono_arrival_mine, layout_loops_ring,
          shapermc_ecumenical_altar_mp_highgroup
D:2:      layout_loops_ring
D:3:      layout_rooms, portal_sewer_entry_c, feat_on_display, uniq_ijyb
Sewer:    sewer_co_pargi_island

Skill      XL: |  1  2  3  4 |
---------------+-------------+-----
Spellcasting   | 5 |  5.2
Stealth        | 6 |  6.1
Invocations    | 1 |  1.6
Fighting       | 1 |  1.4
Long Blades    | 1 |  1.4
Axes           | 1 |  1.4
Maces & Flails | 1 |  1.4
Polearms       | 1 |  1.4
Staves         | 1 |  1.4
Ranged Weapons | 1 |  1.4
Throwing       | 1 |  1.4
Armour         | 1 |  1.4
Shields        | 1 |  1.4
Unarmed Combat | 1 |  1.4
Evocations     | 1 |  1.4
Shapeshifting  | 1 |  1.3
Conjurations   | 1 |  1.1
Summonings     | 1 |  1.1
Necromancy     | 1 |  1.1
Translocations | 1 |  1.1
Fire Magic     | 1 |  1.1
Ice Magic      | 1 |  1.1
Air Magic      | 1 |  1.1
Earth Magic    | 1 |  1.1
Alchemy        | 1 |  1.1
Short Blades   | |  2.9
Dodging        | |  4.7
Hexes          | |  5.5

Action                     |  1- 3 |  4- 6 || total
---------------------------+-------+-------++-------
  Melee: Dagger            |    99 |    44 ||   143
         Bite              |     5 |     6 ||    11
   Cast: Ensorcelled Hiber |       |    24 ||    24
         Confusing Touch   |       |     2 ||     2
    Use: Potion            |     1 |       ||     1
   Stab: Sleeping          |    26 |    19 ||    45
         Confused          |       |     1 ||     1
 Armour: Robe              |    27 |    26 ||    53
  Dodge: Dodged            |    40 |    24 ||    64
